 Dungeon Crawl Stone Soup version 0.24.1-14-gf8d2b509d9 (webtiles) character file.

Game seed: 915195500802411618, levelgen mode: deterministic

70 mortelune the Insei (level 4, 0/38 HPs)
             Began as a Naga Transmuter on May 23, 2020.
             Slain by a rat (3 damage)
             ... on level 2 of the Dungeon.
             The game lasted 00:03:57 (2742 turns).

mortelune the Insei (Naga Transmuter)               Turns: 2742, Time: 00:03:58

Health: 0/38       AC:  3    Str: 12    XL:     4   Next: 22%
Magic:  2/8        EV: 10    Int: 14    God:
Gold:   96         SH:  0    Dex: 12    Spells: 2/8 levels left

rFire    + . .     SeeInvis +     - Unarmed
rCold    + . .     Gourm    .   (no shield)
rNeg     . . .     Faith    .   b - +0 robe
rPois    +         Spirit   .   h - +0 helmet
rElec    .         Reflect  .   g - scarf {rC+ rF+}
rCorr    .         Harm     .   (no gloves)
MR       .....                  (no barding)
Stlth    +.........             (no amulet)
HPRegen  0.12/turn              (no ring)
MPRegen  0.11/turn              (no ring)

@: very slow
A: large, see invisible, deformed body, poison resistance, slowness 2, slow
metabolism 1, spit poison 1, AC +1
a: Spit Poison


You were on level 2 of the Dungeon.
You were near starving.

You visited 1 branch of the dungeon, and saw 2 of its levels.

You collected 96 gold pieces.

Inventory:

Missiles
 Q - 56 arrows
Armour
 b - a +0 robe (worn)
 g - a scarf of resistance (worn)
 h - a +0 helmet (worn)
Scrolls
 a - 4 scrolls of identify {unknown}
 c - a scroll of immolation {unknown}
 e - a scroll of fear {unknown}
 f - 2 scrolls of teleportation {unknown}
 l - a scroll of magic mapping {unknown}
Potions
 i - a potion of curing {unknown}
 j - a potion of heal wounds {unknown}
 k - a potion of degeneration {unknown}
Comestibles
 d - 4 rations


   Skills:
 + Level 1.6 Fighting
 - Level 1.5 Dodging
 + Level 3.3 Unarmed Combat
 * Level 2.9 Spellcasting
 * Level 2.9 Transmutations


You had 2 spell levels left.
You knew the following spells:

 Your Spells              Type           Power        Failure   Level  Hunger
a - Beastly Appendage     Tmut           ##....       6%          1    #......
b - Sticks to Snakes      Tmut           ##......     10%         2    ##.....
c - Spider Form           Tmut/Pois      #.........   34%         3    ###....

Your spell library contained the following spells:

 Spells                   Type           Power        Failure   Level  Hunger
 Ice Form                 Ice/Tmut       #.......     75%         4    #####..
 Blade Hands              Tmut           ##........   87%         5    ######.


Dungeon Overview and Level Annotations

Branches:
Dungeon (2/15)

Altars:


Innate Abilities, Weirdness & Mutations

You cannot wear boots.
Your serpentine skin is tough. (AC +1)
You have supernaturally acute eyesight. (SInv)
Armour fits poorly on your strangely shaped body.
Your system is resistant to poisons. (rPois)
You cover ground very slowly.
You have a slow metabolism.
You can spit poison.


Message History

You closely miss the adder. The adder barely misses you.
Your ball python bites the adder.
Your ball python closely misses the adder.
The adder closely misses you.
You hit the adder.
The adder is moderately wounded.
Your ball python bites the adder.
Your ball python grabs the adder.
Your ball python constricts the adder.
The adder closely misses you.
You hit the adder.
The adder is almost dead.
Your ball python barely misses the adder.
Your ball python constricts the adder.
The adder bites you.
* * * LOW HITPOINT WARNING * * *
Your magical contamination has completely faded away.
You hit the adder.
You kill the adder!
You hit the rat but do no damage.
Your ball python closely misses the rat.
Your ball python barely misses the rat.
The rat bites you.
You die...

#...#............. #.
#...#............. #.
#...#............. #.##
#.................
..###....#............
####..##.................
##[..#.##....######..#####
##......##S...##......#
#......r.r@...##.....[###
###..########.....<.#.....###
#.##....# ###..##....##...#
#.......# #.###...(.....<
#.#..#..# ###.##......†....
....##..# #......#.........
..... #..# ##.....#>........
.(.. ##.# #................
.... ### #................


You could see 2 rats and a friendly ball python.

Vanquished Creatures
  3 adders
  A worm (D:1)
  A dart slug (D:1)
  2 leopard geckos (D:1)
  4 ball pythons (D:1)
  9 bats
  2 giant cockroaches (D:1)
  A goblin (D:1)
  2 hobgoblins (D:1)
  8 jackals (D:1)
  2 kobolds
  A frilled lizard (D:1)
  3 rats (D:1)
39 creatures vanquished.

Notes
Turn   | Place    | Note
-------+----------+-------------------------------------------
     0 | D:1      | mortelune the Naga Transmuter began the quest for the Orb.
     0 | D:1      | Reached XP level 1. HP: 18/18 MP: 3/3
   387 | D:1      | Reached XP level 2. HP: 10/25 MP: 3/5
   397 | D:1      | Learned a level 2 spell: Sticks to Snakes
  1354 | D:1      | Reached XP level 3. HP: 24/31 MP: 6/6
  1359 | D:1      | Learned a level 3 spell: Spider Form
  2736 | D:2      | Reached XP level 4. HP: 6/38 MP: 1/8
  2742 | D:2      | Slain by a rat

Levels and vault maps discovered:
D:1:      lightli_arrival_flooded_house, layout_basic, amethyst_killhole,
          hangedman_decor_growths
D:2:      layout_rooms, minitemple, chequers_ecumenical_altar_lobes,
          kennysheep_nondescript, uniq_robin

Action                   |  1- 3 |  4- 6 || total
-------------------------+-------+-------++-------
Melee: Unarmed           |   132 |     6 ||   138
       Headbutt          |     3 |       ||     3
 Cast: Beastly Appendage |     6 |       ||     6
       Spider Form       |     5 |       ||     5
       Sticks to Snakes  |     3 |       ||     3
 Abil: Spit Poison       |     3 |       ||     3
  Eat: Chunk             |     3 |       ||     3
Armor: Robe              |    54 |       ||    54
       Skin              |     2 |       ||     2
Dodge: Dodged            |   120 |     3 ||   123
